Sewer Rats vs Gangsters
(R1)
Created - March 5, 2021 at 20:29
Goals
|
Sewer Rats |
3 |
2 |
1 |
6 |
Gangsters |
2 |
1 |
1 |
4 |
|
Shots
|
Sewer Rats |
12 |
13 |
12 |
37 |
Gangsters |
14 |
11 |
10 |
35 |
|
1st period
1. Sewer Rats , Joseph Blandisi 26 (Erik Condra 29, Jonathan Marchessault 40) at 12:13
2. Sewer Rats , Joseph Blandisi 27 (Erik Condra 30, Jonathan Marchessault 41) at 14:04
3. Sewer Rats , Anthony Duclair 12 (Drake Caggiula 15) at 15:16
4. Gangsters , Seth Griffith 18 (Stefan Noesen 29, Samuel Montembeault) at 18:41 (PP)
5. Gangsters , Phillip Danault 7 (Kevin Roy 15, Sebastian Collberg 10) at 19:42
Penalties :
Stefan Elliott (Tol) for Hooking (Minor) at 18:02
2nd period
6. Sewer Rats , Jarred Tinordi 5 (Vincent Trocheck 51, Darcy Kuemper) at 7:56 (PP)
7. Gangsters , Richard Panik 43 (Artem Anisimov 54, Jonas Brodin 23) at 9:54
8. Sewer Rats , Mark Mancari 43 (Daniel Carr 44, Vincent Trocheck 52) at 11:01
Penalties :
Ryan Murphy (Tol) for Holding (Minor) at 4:31, Steven Santini (Bro) for High sticking (Minor) at 7:18, Richard Panik (Bro) for Tripping (Minor) at 7:39, Brett Ponich (Bro) for Interference (Minor) at 11:12, Stefan Noesen (Bro) for Hooking (Minor) at 15:00, Seth Griffith (Bro) for Holding (Minor) at 19:10
3rd period
9. Sewer Rats , Mark Mancari 44 (Vincent Trocheck 53, Daniel Carr 45) at 0:32 (PP)
10. Gangsters , Seth Griffith 19 (Morgan Ellis 12, Stefan Noesen 30) at 11:02
Penalties :
Dmitrij Jaskin (Tol) for High sticking (Minor) at 3:48, Daniel Carr (Tol) for Roughing (Minor) at 7:55, Ryan Murphy (Tol) for Interference (Minor) at 15:12
Goalie Stats
Darcy Kuemper (Tol), 31 saves from 35 shots - (0.886), W, 13-8-1, 60:00 minutes
Samuel Montembeault (Bro), 12 saves from 16 shots - (0.750), 27:56 minutes
Jordan Binnington (Bro), 19 saves from 21 shots - (0.905), L, 10-14-2, 32:04 minutes
Players Stats for Sewer Rats
Player Name G A P +/- PIM S H SB GA TA FO MP PP MP PK MP
------------------------------------------------------------------------------------
Anthony Duclair 1 0 1 -1 0 1 0 0 0 0 0/0 10:14 0:00 0:00
Connor Carrick 0 0 0 1 0 1 0 0 0 2 0/0 9:27 0:00 0:32
Daniel Carr 0 2 2 1 2 4 0 0 0 1 0/0 18:25 4:36 2:24
Dmitrij Jaskin 0 0 0 -1 2 1 1 0 0 0 0/0 12:53 0:00 0:00
Drake Caggiula 0 1 1 -1 0 2 3 0 0 1 1/1 14:01 0:00 3:07
Erik Condra 0 2 2 1 0 2 2 1 1 0 1/1 19:26 3:04 2:08
Jared McCann 0 0 0 0 0 0 0 0 0 0 0/1 8:40 0:00 0:00
Jarred Tinordi 1 0 1 -1 0 6 1 1 0 0 0/0 27:10 4:56 3:57
Joel Edmundson 0 0 0 0 0 1 1 0 3 2 0/0 20:02 2:44 4:38
John Ramage 0 0 0 0 0 0 1 1 0 0 0/0 20:02 2:44 4:38
Jonathan Marchessault 0 2 2 1 0 1 3 0 0 0 6/14 17:15 3:04 0:00
Joseph Blandisi 2 0 2 1 0 4 0 0 2 0 0/0 17:36 3:04 0:13
Mark Mancari 2 0 2 1 0 8 4 0 0 1 2/4 25:11 4:36 4:39
Ryan Murphy 0 0 0 1 4 1 0 0 0 0 0/0 9:09 0:00 0:00
Stefan Elliott 0 0 0 -1 2 1 1 1 0 0 0/0 26:37 4:56 3:25
Thomas Chabot 0 0 0 1 0 0 0 0 0 0 0/0 3:53 0:00 0:00
Vincent Trocheck 0 3 3 1 0 2 1 1 0 2 18/32 20:51 4:36 4:39
Xavier Ouellet 0 0 0 1 0 0 0 0 0 0 0/0 3:53 0:00 0:00
Zach Aston-Reese 0 0 0 0 0 2 0 1 0 0 1/3 6:35 0:00 0:00
Players Stats for Gangsters
Player Name G A P +/- PIM S H SB GA TA FO MP PP MP PK MP
------------------------------------------------------------------------------------
Adam Lowry 0 0 0 0 0 1 0 0 0 0 1/2 8:39 0:00 0:00
Artem Anisimov 0 1 1 0 0 4 2 1 4 0 14/26 22:00 4:44 5:10
Brett Ponich 0 0 0 -1 2 1 1 4 1 3 0/0 25:30 5:26 3:48
Colton White 0 0 0 0 0 0 0 0 0 0 0/0 4:52 0:00 0:00
Connor Chatam 0 0 0 0 0 2 1 0 0 0 0/0 8:39 0:00 0:00
Dave Dziurzynski 0 0 0 -1 0 1 1 1 1 0 1/1 17:56 4:44 1:30
David Pope 0 0 0 1 0 2 0 0 0 0 0/0 15:06 3:43 0:00
Derrick Pouliot 0 0 0 0 0 0 3 0 0 0 0/0 19:22 3:09 2:49
Dryden Hunt 0 0 0 0 0 1 0 0 0 0 0/0 1:15 0:08 0:45
Jake Marchment 0 0 0 0 0 0 0 0 0 0 2/3 1:37 0:00 1:37
Joel Kiviranta 0 0 0 0 0 0 0 0 0 0 0/0 0:36 0:08 0:07
Jonas Brodin 0 1 1 0 0 2 1 1 0 1 0/0 19:22 3:09 2:49
Joshua Jacobs 0 0 0 0 0 0 0 0 0 0 0/0 1:03 0:00 1:03
Kevin Roy 0 1 1 -1 0 1 0 1 0 0 1/3 11:52 0:00 0:12
Morgan Ellis 0 1 1 -1 0 1 0 1 0 0 0/0 26:30 5:26 4:51
Phillip Danault 1 0 1 -2 0 1 1 2 1 0 0/0 11:24 0:00 0:00
Richard Panik 1 0 1 0 2 6 2 2 0 1 1/12 20:53 4:44 4:07
Ryan Culkin 0 0 0 0 0 1 0 0 0 0 0/0 9:16 0:00 0:00
Samuel Blais 0 0 0 0 0 3 1 1 2 0 0/0 8:39 0:00 0:00
Sebastian Collberg 0 1 1 -2 0 1 1 0 0 0 0/0 11:44 0:08 0:00
Seth Griffith 2 0 2 1 2 4 2 0 0 0 7/9 15:49 3:43 0:48
Stefan Noesen 0 2 2 1 2 3 2 0 0 1 0/0 15:47 3:43 0:46
Steven Santini 0 0 0 0 2 0 1 1 0 0 0/0 4:51 0:00 0:00
Vince Dunn 0 0 0 0 0 0 1 1 0 0 0/0 9:16 0:00 0:00
Will Borgen 0 0 0 0 0 0 0 0 0 0 0/0 0:00 0:00 0:00
3 Stars
1 - Mark Mancari (Tol)
2 - Joseph Blandisi (Tol)
3 - Vincent Trocheck (Tol)
Power Play
Sewer Rats - 2 on 5 Attempt(s) - 40.00%
Gangsters - 1 on 5 Attempt(s) - 20.00%
Penalty Kill
Sewer Rats - 4 on 5 Attempt(s) - 80.00%
- Score 0 goal in Penalty Kill
Gangsters - 3 on 5 Attempt(s) - 60.00%
- Score 0 goal in Penalty Kill
Team Stat
Sewer Rats - Hits : 18 - Faceoff Wins : 29 - Blocked Shots : 6 - Penalty Minutes : 10
Gangsters - Hits : 20 - Faceoff Wins : 27 - Blocked Shots : 16 - Penalty Minutes : 10
Official
Referees : Unknown
Linesman : Unknown
Game Notes
Jordan Binnington enters game at 7:56 of 2nd period
Dave Dziurzynski is injured at 18:53 of 3rd period (Sports Hernia)
Finance
Level 1 -- Attendance: 1343 (67.15%) -- Ticket Income $53,720
Level 2 -- Attendance: 700 (70.00%) -- Ticket Income $14,000
Total Attendance: 2043 (68.10%)
Total Ticket Income: $67,720
Other Income: $3,386
Total Income: $71,106
Sewer Rats
5 vs 5 Forward
Center Left Wing Right Wing Time % Phy DF OF
1 Vincent Trocheck Daniel Carr Mark Mancari 40 1 2 2
2 Jonathan Marchessault Joseph Blandisi Erik Condra 30 1 2 2
3 Drake Caggiula Anthony Duclair Dmitrij Jaskin 20 1 2 2
4 Zach Aston-Reese Jared McCann Mark Mancari 10 1 2 2
5 vs 5 Defense
Defense Defense Time % Phy DF OF
1 Stefan Elliott Jarred Tinordi 40 1 2 2
2 Joel Edmundson John Ramage 30 1 2 2
3 Ryan Murphy Connor Carrick 20 1 2 2
4 Thomas Chabot Xavier Ouellet 10 1 2 2
PowerPlay Forward
Center Left Wing Right Wing Time % Phy DF OF
1 Vincent Trocheck Daniel Carr Mark Mancari 60 1 2 2
2 Jonathan Marchessault Joseph Blandisi Erik Condra 40 1 2 2
PowerPlay Defense
Defense Defense Time % Phy DF OF
1 Stefan Elliott Jarred Tinordi 60 1 2 2
2 Joel Edmundson John Ramage 40 1 2 2
Penalty Kill 4 Players Forward
Center Wing Time % Phy DF OF
1 Vincent Trocheck Mark Mancari 60 1 2 2
2 Daniel Carr Erik Condra 40 1 2 2
Penalty Kill 4 Players Defense
Defense Defense Time % Phy DF OF
1 Stefan Elliott Jarred Tinordi 60 1 2 2
2 Joel Edmundson John Ramage 40 1 2 2
Penalty Kill - 3 Players Forward
Forward Time % Phy DF OF
1 Vincent Trocheck 60 1 2 2
2 Mark Mancari 40 1 2 2
Penalty Kill - 3 Players Defense
Defense Defense Time % Phy DF OF
1 Stefan Elliott Jarred Tinordi 60 1 2 2
2 Joel Edmundson John Ramage 40 1 2 2
4 vs 4 Forward
Center Wing Time % Phy DF OF
1 Vincent Trocheck Mark Mancari 60 1 2 2
2 Daniel Carr Erik Condra 40 1 2 2
4 vs 4 Defense
Defense Defense Time % Phy DF OF
1 Stefan Elliott Jarred Tinordi 60 1 2 2
2 Joel Edmundson John Ramage 40 1 2 2
Last Minutes Offensive
Center Left Wing Right Wing Defense Defense
Vincent Trocheck Daniel Carr Mark Mancari Stefan Elliott Jarred Tinordi
Last Minutes Defensive
Center Left Wing Right Wing Defense Defense
Vincent Trocheck Daniel Carr Mark Mancari Stefan Elliott Jarred Tinordi
Goaltenders
Starting : Darcy Kuemper
Backup : Marek Mazanek
Extra Forwards
Normal : Jared McCann, Dmitrij Jaskin, Drake Caggiula - PP : Jared McCann, Dmitrij Jaskin - PK : Drake Caggiula
Extra Defensemen
Normal : Ryan Murphy, Connor Carrick, Thomas Chabot - PP : Ryan Murphy - PK : Connor Carrick, Thomas Chabot
Penalty Shots
Vincent Trocheck, Mark Mancari, Daniel Carr, Erik Condra, Jonathan Marchessault
Scratches
Dominik Kubalik (Healthy), Nick Cousins (Healthy), Josh Archibald (Healthy), Jonathan Racine (Healthy), Tyler Motte (Healthy)
Chris Calhan (Healthy), Mark Friedman (Healthy), Michael Dal Colle (Healthy), Matteson Iacopelli (Healthy), Adin Hill (Healthy)
Antoine Bibeau (Healthy)
Gangsters
5 vs 5 Forward
Center Left Wing Right Wing Time % Phy DF OF
1 Artem Anisimov Dave Dziurzynski Richard Panik 40 1 2 2
2 Seth Griffith David Pope Stefan Noesen 30 1 2 2
3 Kevin Roy Phillip Danault Sebastian Collberg 20 1 2 2
4 Adam Lowry Samuel Blais Connor Chatam 10 1 2 2
5 vs 5 Defense
Defense Defense Time % Phy DF OF
1 Brett Ponich Morgan Ellis 40 1 2 2
2 Jonas Brodin Derrick Pouliot 30 1 2 2
3 Vince Dunn Ryan Culkin 20 1 2 2
4 Steven Santini Colton White 10 1 2 2
PowerPlay Forward
Center Left Wing Right Wing Time % Phy DF OF
1 Artem Anisimov Dave Dziurzynski Richard Panik 60 1 2 2
2 Seth Griffith David Pope Stefan Noesen 40 1 2 2
PowerPlay Defense
Defense Defense Time % Phy DF OF
1 Brett Ponich Morgan Ellis 60 1 2 2
2 Jonas Brodin Derrick Pouliot 40 1 2 2
Penalty Kill 4 Players Forward
Center Wing Time % Phy DF OF
1 Richard Panik Artem Anisimov 60 1 2 2
2 Dave Dziurzynski Stefan Noesen 40 1 2 2
Penalty Kill 4 Players Defense
Defense Defense Time % Phy DF OF
1 Brett Ponich Morgan Ellis 60 1 2 2
2 Jonas Brodin Derrick Pouliot 40 1 2 2
Penalty Kill - 3 Players Forward
Forward Time % Phy DF OF
1 Richard Panik 60 1 2 2
2 Artem Anisimov 40 1 2 2
Penalty Kill - 3 Players Defense
Defense Defense Time % Phy DF OF
1 Brett Ponich Morgan Ellis 60 1 2 2
2 Jonas Brodin Derrick Pouliot 40 1 2 2
4 vs 4 Forward
Center Wing Time % Phy DF OF
1 Richard Panik Artem Anisimov 60 1 2 2
2 Dave Dziurzynski Stefan Noesen 40 1 2 2
4 vs 4 Defense
Defense Defense Time % Phy DF OF
1 Brett Ponich Morgan Ellis 60 1 2 2
2 Jonas Brodin Derrick Pouliot 40 1 2 2
Last Minutes Offensive
Center Left Wing Right Wing Defense Defense
Artem Anisimov Dave Dziurzynski Richard Panik Brett Ponich Morgan Ellis
Last Minutes Defensive
Center Left Wing Right Wing Defense Defense
Artem Anisimov Dave Dziurzynski Richard Panik Brett Ponich Morgan Ellis
Goaltenders
Starting : Samuel Montembeault
Backup : Jordan Binnington
Extra Forwards
Normal : Dryden Hunt, Joel Kiviranta, Jake Marchment - PP : Dryden Hunt, Joel Kiviranta - PK : Jake Marchment
Extra Defensemen
Normal : Will Borgen, Joshua Jacobs, Vince Dunn - PP : Will Borgen - PK : Joshua Jacobs, Vince Dunn
Penalty Shots
Richard Panik, Artem Anisimov, Dave Dziurzynski, Stefan Noesen, Seth Griffith
Scratches
Mikhail Vorobyev (Healthy), Keegan Kolesar (Healthy), Jacob Middleton (Healthy)
% Time on Ice - Sewer Rats
Lines # - Real PCT - Wanted PCT - Time Play
Normal Forward
1 - 27% - 40% - 11:38
2 - 35% - 30% - 15:18
3 - 23% - 20% - 10:14
4 - 15% - 10% - 6:35
Normal Defense
1 - 42% - 40% - 18:17
2 - 29% - 30% - 12:40
3 - 20% - 20% - 8:55
4 - 9% - 10% - 3:53
PP Forward
1 - 60% - 60% - 4:36
2 - 40% - 40% - 3:04
PP Defense
1 - 64% - 60% - 4:56
2 - 36% - 40% - 2:44
PK Forward
1 - 75% - 60% - 6:27
2 - 25% - 40% - 2:08
PK Defense
1 - 46% - 60% - 3:57
2 - 54% - 40% - 4:38
PK3 Forward
1 - 0% - 60%
2 - 0% - 40%
PK3 Defense
1 - 0% - 60%
2 - 0% - 40%
44 Forward
1 - 0% - 60%
2 - 0% - 40%
44 Defense
1 - 0% - 60%
2 - 0% - 40%
Last Minute Offensive - 0:00
Last Minute Defensive - 0:00
Total
Forward - 60:00
Defense - 60:00
|
% Time on Ice - Gangsters
Lines # - Real PCT - Wanted PCT - Time Play
Normal Forward
1 - 28% - 40% - 12:18
2 - 26% - 30% - 11:24
3 - 26% - 20% - 11:24
4 - 20% - 10% - 8:39
Normal Defense
1 - 37% - 40% - 16:13
2 - 31% - 30% - 13:24
3 - 21% - 20% - 9:16
4 - 11% - 10% - 4:52
PP Forward
1 - 57% - 60% - 4:52
2 - 43% - 40% - 3:43
PP Defense
1 - 63% - 60% - 5:26
2 - 37% - 40% - 3:09
PK Forward
1 - 80% - 60% - 5:53
2 - 20% - 40% - 1:30
PK Defense
1 - 62% - 60% - 4:34
2 - 38% - 40% - 2:49
PK3 Forward
1 - 100% - 60% - 0:17
2 - 0% - 40% - 0:00
PK3 Defense
1 - 100% - 60% - 0:17
2 - 0% - 40% - 0:00
44 Forward
1 - 0% - 60%
2 - 0% - 40%
44 Defense
1 - 0% - 60%
2 - 0% - 40%
Last Minute Offensive - 0:00
Last Minute Defensive - 0:00
Total
Forward - 60:00
Defense - 60:00
|
Play-by-Play
1st period
0:01 of 1st period - Vincent Trocheck wins face-off versus Artem Anisimov in neutral zone.
1:01 of 1st period - Snap shot by Dmitrij Jaskin.
1:01 of 1st period - Shot Misses the Net.
1:43 of 1st period - Wrist shot by Richard Panik.
1:43 of 1st period - Stopped by Darcy Kuemper with a rebound.
1:53 of 1st period - Drake Caggiula is hit by Stefan Noesen and loses puck.
1:58 of 1st period - Snap shot by Stefan Noesen.
1:58 of 1st period - Stopped by Darcy Kuemper with a rebound.
3:09 of 1st period - Wrist shot by Vincent Trocheck.
3:09 of 1st period - Shot Misses the Net.
3:49 of 1st period - Snap shot by Seth Griffith.
3:49 of 1st period - Stopped by Darcy Kuemper without a rebound.
3:50 of 1st period - Seth Griffith wins face-off versus Jonathan Marchessault in Sewer Rats zone.
4:19 of 1st period - Snap shot by Mark Mancari.
4:19 of 1st period - Shot Misses the Net.
4:39 of 1st period - Slapshot by Connor Chatam.
4:39 of 1st period - Stopped by Darcy Kuemper with a rebound.
5:01 of 1st period - Snap shot by Drake Caggiula.
5:01 of 1st period - Shot Blocked by Phillip Danault.
5:03 of 1st period - Slapshot by Jarred Tinordi.
5:03 of 1st period - Stopped by Samuel Montembeault with a rebound.
5:05 of 1st period - Wrist shot by Drake Caggiula.
5:05 of 1st period - Stopped by Samuel Montembeault with a rebound.
5:07 of 1st period - Slapshot by Jarred Tinordi.
5:07 of 1st period - Stopped by Samuel Montembeault with a rebound.
5:37 of 1st period - Jonas Brodin is hit by Drake Caggiula and loses puck.
5:50 of 1st period - Jared McCann is hit by Connor Chatam.
5:54 of 1st period - Ryan Murphy is hit by Derrick Pouliot and loses puck.
5:59 of 1st period - Slapshot by Brett Ponich.
5:59 of 1st period - Shot Misses the Net.
6:01 of 1st period - Slapshot by Brett Ponich.
6:01 of 1st period - Shot Blocked by Zach Aston-Reese.
7:48 of 1st period - Artem Anisimov is hit by Dmitrij Jaskin and loses puck.
9:21 of 1st period - Icing by Dave Dziurzynski.
9:22 of 1st period - Artem Anisimov wins face-off versus Vincent Trocheck in Gangsters zone.
9:43 of 1st period - Slapshot by Stefan Noesen.
9:43 of 1st period - Stopped by Darcy Kuemper without a rebound.
9:44 of 1st period - Vincent Trocheck wins face-off versus Artem Anisimov in Sewer Rats zone.
9:57 of 1st period - Snap shot by Daniel Carr.
9:57 of 1st period - Stopped by Samuel Montembeault without a rebound.
9:58 of 1st period - Erik Condra wins face-off versus Artem Anisimov in Gangsters zone.
10:09 of 1st period - Wrist shot by Richard Panik.
10:09 of 1st period - Shot Blocked by Erik Condra.
10:11 of 1st period - Wrist shot by Jonas Brodin.
10:11 of 1st period - Shot Misses the Net.
10:13 of 1st period - Snap shot by Richard Panik.
10:13 of 1st period - Stopped by Darcy Kuemper with a rebound.
10:23 of 1st period - David Pope is hit by Mark Mancari and loses puck.
10:51 of 1st period - Snap shot by Dmitrij Jaskin.
10:51 of 1st period - Shot Misses the Net.
11:11 of 1st period - Snap shot by Mark Mancari.
11:11 of 1st period - Stopped by Samuel Montembeault with a rebound.
11:47 of 1st period - Wrist shot by Seth Griffith.
11:47 of 1st period - Shot Blocked by John Ramage.
12:05 of 1st period - Wrist shot by Dmitrij Jaskin.
12:05 of 1st period - Shot Blocked by Phillip Danault.
12:07 of 1st period - Wrist shot by Dmitrij Jaskin.
12:07 of 1st period - Stopped by Samuel Montembeault without a rebound.
12:08 of 1st period - Jonathan Marchessault wins face-off versus Richard Panik in Gangsters zone.
12:09 of 1st period - Snap shot by Erik Condra.
12:09 of 1st period - Stopped by Samuel Montembeault with a rebound.
12:11 of 1st period - Snap shot by Erik Condra.
12:11 of 1st period - Shot Misses the Net.
12:13 of 1st period - Snap shot by Joseph Blandisi.
12:13 of 1st period - Goal by Joseph Blandisi - Sewer Rats : 1 - Gangsters : 0.
12:14 of 1st period - Artem Anisimov wins face-off versus Vincent Trocheck in neutral zone.
12:23 of 1st period - Dave Dziurzynski is hit by Mark Mancari.
13:02 of 1st period - Slapshot by Stefan Noesen.
13:02 of 1st period - Shot Misses the Net.
13:52 of 1st period - Slapshot by Adam Lowry.
13:52 of 1st period - Shot Misses the Net.
14:02 of 1st period - Snap shot by Erik Condra.
14:02 of 1st period - Stopped by Samuel Montembeault with a rebound.
14:04 of 1st period - Wrist shot by Joseph Blandisi.
14:04 of 1st period - Goal by Joseph Blandisi - Sewer Rats : 2 - Gangsters : 0.
14:05 of 1st period - Jonathan Marchessault wins face-off versus Artem Anisimov in neutral zone.
14:10 of 1st period - Wrist shot by Joseph Blandisi.
14:10 of 1st period - Shot Misses the Net.
14:16 of 1st period - Snap shot by Erik Condra.
14:16 of 1st period - Shot Misses the Net.
14:18 of 1st period - Wrist shot by Jarred Tinordi.
14:18 of 1st period - Shot Misses the Net.
15:07 of 1st period - Sebastian Collberg is hit by Joel Edmundson and loses puck.
15:14 of 1st period - Snap shot by Drake Caggiula.
15:14 of 1st period - Shot Blocked by Brett Ponich.
15:16 of 1st period - Wrist shot by Anthony Duclair.
15:16 of 1st period - Goal by Anthony Duclair - Sewer Rats : 3 - Gangsters : 0.
15:17 of 1st period - Artem Anisimov wins face-off versus Vincent Trocheck in neutral zone.
15:20 of 1st period - Stefan Elliott is hit by Vince Dunn and loses puck.
15:29 of 1st period - Slapshot by Artem Anisimov.
15:29 of 1st period - Stopped by Darcy Kuemper with a rebound.
15:31 of 1st period - Snap shot by Artem Anisimov.
15:31 of 1st period - Shot Blocked by Vincent Trocheck.
15:33 of 1st period - Snap shot by Richard Panik.
15:33 of 1st period - Stopped by Darcy Kuemper with a rebound.
16:16 of 1st period - Slapshot by Sebastian Collberg.
16:16 of 1st period - Stopped by Darcy Kuemper with a rebound.
16:32 of 1st period - Dave Dziurzynski is hit by Mark Mancari and loses puck.
16:37 of 1st period - Wrist shot by Thomas Chabot.
16:37 of 1st period - Deflect By Mark Mancari.
16:37 of 1st period - Stopped by Samuel Montembeault without a rebound.
16:38 of 1st period - Artem Anisimov wins face-off versus Vincent Trocheck in Gangsters zone.
18:02 of 1st period - Minor Penalty to Stefan Elliott for Hooking.
18:03 of 1st period - Artem Anisimov wins face-off versus Vincent Trocheck in Sewer Rats zone.
18:08 of 1st period - Snap shot by Artem Anisimov.
18:08 of 1st period - Shot Misses the Net.
18:10 of 1st period - Slapshot by Richard Panik.
18:10 of 1st period - Shot Misses the Net.
18:12 of 1st period - Snap shot by Brett Ponich.
18:12 of 1st period - Shot Blocked by Jarred Tinordi.
18:14 of 1st period - Wrist shot by Artem Anisimov.
18:14 of 1st period - Shot Misses the Net.
18:16 of 1st period - Snap shot by Brett Ponich.
18:16 of 1st period - Stopped by Darcy Kuemper with a rebound.
18:18 of 1st period - Snap shot by Richard Panik.
18:18 of 1st period - Stopped by Darcy Kuemper with a rebound.
18:30 of 1st period - Brett Ponich is hit by Jarred Tinordi and loses puck.
18:41 of 1st period - Slapshot by Seth Griffith.
18:41 of 1st period - Goal by Seth Griffith - Sewer Rats : 3 - Gangsters : 1.
18:42 of 1st period - Artem Anisimov wins face-off versus Vincent Trocheck in neutral zone.
18:49 of 1st period - Wrist shot by Artem Anisimov.
18:49 of 1st period - Stopped by Darcy Kuemper with a rebound.
18:51 of 1st period - Slapshot by Morgan Ellis.
18:51 of 1st period - Shot Hit the Post.
19:34 of 1st period - Drake Caggiula is hit by Phillip Danault.
19:42 of 1st period - Wrist shot by Kevin Roy.
19:42 of 1st period - Deflect By Phillip Danault.
19:42 of 1st period - Goal by Phillip Danault - Sewer Rats : 3 - Gangsters : 2.
19:43 of 1st period - Artem Anisimov wins face-off versus Vincent Trocheck in neutral zone.
19:59 of 1st period - Off-side.
Goals for this period are 3 for Sewer Rats vs 2 for Gangsters.
Shots for this period are 12 for Sewer Rats vs 14 for Gangsters.
2nd period
0:01 of 2nd period - Artem Anisimov wins face-off versus Vincent Trocheck in neutral zone.
0:06 of 2nd period - Derrick Pouliot is hit by Mark Mancari and loses puck.
0:25 of 2nd period - Seth Griffith is hit by Erik Condra and loses puck.
1:24 of 2nd period - Snap shot by Kevin Roy.
1:24 of 2nd period - Stopped by Darcy Kuemper without a rebound.
1:25 of 2nd period - Artem Anisimov wins face-off versus Jonathan Marchessault in Sewer Rats zone.
2:15 of 2nd period - Wrist shot by Stefan Noesen.
2:15 of 2nd period - Stopped by Darcy Kuemper without a rebound.
2:16 of 2nd period - Seth Griffith wins face-off versus Mark Mancari in Sewer Rats zone.
3:48 of 2nd period - Wrist shot by Seth Griffith.
3:48 of 2nd period - Stopped by Darcy Kuemper with a rebound.
3:50 of 2nd period - Snap shot by David Pope.
3:50 of 2nd period - Shot Misses the Net.
4:31 of 2nd period - Minor Penalty to Ryan Murphy for Holding.
4:32 of 2nd period - Vincent Trocheck wins face-off versus Artem Anisimov in Sewer Rats zone.
5:23 of 2nd period - Jarred Tinordi is hit by Derrick Pouliot and loses puck.
6:31 of 2nd period - Penalty to Ryan Murphy is over, Ryan Murphy is back on ice.
6:43 of 2nd period - Slapshot by Joseph Blandisi.
6:43 of 2nd period - Shot Blocked by Kevin Roy.
6:56 of 2nd period - Off-side.
6:57 of 2nd period - Adam Lowry wins face-off versus Zach Aston-Reese in neutral zone.
7:02 of 2nd period - Wrist shot by Connor Chatam.
7:02 of 2nd period - Stopped by Darcy Kuemper with a rebound.
7:10 of 2nd period - Wrist shot by Zach Aston-Reese.
7:10 of 2nd period - Stopped by Samuel Montembeault with a rebound.
7:12 of 2nd period - Snap shot by Jared McCann.
7:12 of 2nd period - Shot Blocked by Steven Santini.
7:18 of 2nd period - Minor Penalty to Steven Santini for High sticking.
7:19 of 2nd period - Vincent Trocheck wins face-off versus Richard Panik in Gangsters zone.
7:20 of 2nd period - Wrist shot by Daniel Carr.
7:20 of 2nd period - Shot Blocked by Jonas Brodin.
7:22 of 2nd period - Snap shot by Mark Mancari.
7:22 of 2nd period - Shot Hit the Post.
7:24 of 2nd period - Slapshot by Jarred Tinordi.
7:24 of 2nd period - Deflect By Derrick Pouliot.
7:24 of 2nd period - Stopped by Samuel Montembeault without a rebound.
7:25 of 2nd period - Vincent Trocheck wins face-off versus Richard Panik in Gangsters zone.
7:32 of 2nd period - Wrist shot by Vincent Trocheck.
7:32 of 2nd period - Stopped by Samuel Montembeault without a rebound.
7:33 of 2nd period - Vincent Trocheck wins face-off versus Richard Panik in Gangsters zone.
7:39 of 2nd period - Minor Penalty to Richard Panik for Tripping.
7:40 of 2nd period - Vincent Trocheck wins face-off versus Jake Marchment in Gangsters zone.
7:56 of 2nd period - Slapshot by Jarred Tinordi.
7:56 of 2nd period - Goal by Jarred Tinordi - Sewer Rats : 4 - Gangsters : 2.
7:56 of 2nd period - Jordan Binnington enters game.
7:57 of 2nd period - Jake Marchment wins face-off versus Mark Mancari in neutral zone.
7:59 of 2nd period - Off-side.
8:00 of 2nd period - Jake Marchment wins face-off versus Vincent Trocheck in neutral zone.
8:15 of 2nd period - Snap shot by Vincent Trocheck.
8:15 of 2nd period - Shot Misses the Net.
8:35 of 2nd period - Morgan Ellis is hit by Jonathan Marchessault and loses puck.
9:39 of 2nd period - Penalty to Richard Panik is over, Richard Panik is back on ice.
9:50 of 2nd period - Slapshot by Jonas Brodin.
9:50 of 2nd period - Stopped by Darcy Kuemper with a rebound.
9:52 of 2nd period - Snap shot by Artem Anisimov.
9:52 of 2nd period - Shot Misses the Net.
9:54 of 2nd period - Wrist shot by Richard Panik.
9:54 of 2nd period - Goal by Richard Panik - Sewer Rats : 4 - Gangsters : 3.
9:55 of 2nd period - Vincent Trocheck wins face-off versus Seth Griffith in neutral zone.
10:48 of 2nd period - Derrick Pouliot is hit by John Ramage and loses puck.
10:57 of 2nd period - Wrist shot by Vincent Trocheck.
10:57 of 2nd period - Stopped by Jordan Binnington with a rebound.
10:59 of 2nd period - Wrist shot by Daniel Carr.
10:59 of 2nd period - Shot Hit the Post.
11:01 of 2nd period - Wrist shot by Mark Mancari.
11:01 of 2nd period - Goal by Mark Mancari - Sewer Rats : 5 - Gangsters : 3.
11:02 of 2nd period - Jonathan Marchessault wins face-off versus Artem Anisimov in neutral zone.
11:12 of 2nd period - Minor Penalty to Brett Ponich for Interference.
11:13 of 2nd period - Jonathan Marchessault wins face-off versus Richard Panik in Gangsters zone.
12:14 of 2nd period - Off-side.
12:15 of 2nd period - Dave Dziurzynski wins face-off versus Jonathan Marchessault in neutral zone.
12:18 of 2nd period - Wrist shot by Stefan Noesen.
12:18 of 2nd period - Shot Misses the Net.
12:37 of 2nd period - Off-side.
12:38 of 2nd period - Vincent Trocheck wins face-off versus Richard Panik in neutral zone.
12:47 of 2nd period - Wrist shot by Mark Mancari.
12:47 of 2nd period - Shot Misses the Net.
12:49 of 2nd period - Slapshot by Jarred Tinordi.
12:49 of 2nd period - Stopped by Jordan Binnington with a rebound.
13:11 of 2nd period - Snap shot by Erik Condra.
13:11 of 2nd period - Shot Misses the Net.
13:12 of 2nd period - Penalty to Brett Ponich is over, Brett Ponich is back on ice.
13:47 of 2nd period - Slapshot by Mark Mancari.
13:47 of 2nd period - Stopped by Jordan Binnington without a rebound.
13:48 of 2nd period - Zach Aston-Reese wins face-off versus Kevin Roy in Gangsters zone.
14:07 of 2nd period - Wrist shot by Zach Aston-Reese.
14:07 of 2nd period - Stopped by Jordan Binnington with a rebound.
14:27 of 2nd period - Wrist shot by Connor Chatam.
14:27 of 2nd period - Shot Misses the Net.
15:00 of 2nd period - Minor Penalty to Stefan Noesen for Hooking.
15:01 of 2nd period - Jonathan Marchessault wins face-off versus Richard Panik in Gangsters zone.
15:14 of 2nd period - Wrist shot by Joseph Blandisi.
15:14 of 2nd period - Stopped by Jordan Binnington without a rebound.
15:15 of 2nd period - Vincent Trocheck wins face-off versus Richard Panik in Gangsters zone.
15:16 of 2nd period - Snap shot by Mark Mancari.
15:16 of 2nd period - Stopped by Jordan Binnington with a rebound.
15:18 of 2nd period - Wrist shot by Vincent Trocheck.
15:18 of 2nd period - Shot Blocked by Brett Ponich.
15:20 of 2nd period - Snap shot by Daniel Carr.
15:20 of 2nd period - Stopped by Jordan Binnington without a rebound.
15:21 of 2nd period - Richard Panik wins face-off versus Vincent Trocheck in Gangsters zone.
15:32 of 2nd period - Snap shot by Mark Mancari.
15:32 of 2nd period - Shot Misses the Net.
15:34 of 2nd period - Snap shot by Mark Mancari.
15:34 of 2nd period - Shot Misses the Net.
15:54 of 2nd period - Snap shot by Jonathan Marchessault.
15:54 of 2nd period - Stopped by Jordan Binnington with a rebound.
16:40 of 2nd period - Erik Condra is hit by Jonas Brodin and loses puck.
17:00 of 2nd period - Penalty to Stefan Noesen is over, Stefan Noesen is back on ice.
17:09 of 2nd period - Wrist shot by Dmitrij Jaskin.
17:09 of 2nd period - Shot Misses the Net.
17:19 of 2nd period - Snap shot by Drake Caggiula.
17:19 of 2nd period - Shot Blocked by Brett Ponich.
17:35 of 2nd period - Wrist shot by David Pope.
17:35 of 2nd period - Stopped by Darcy Kuemper without a rebound.
17:36 of 2nd period - Seth Griffith wins face-off versus Jonathan Marchessault in Sewer Rats zone.
18:03 of 2nd period - Artem Anisimov is hit by Drake Caggiula.
18:07 of 2nd period - Slapshot by Richard Panik.
18:07 of 2nd period - Stopped by Darcy Kuemper without a rebound.
18:08 of 2nd period - Mark Mancari wins face-off versus Artem Anisimov in Sewer Rats zone.
18:08 of 2nd period - Mark Mancari is hit by Dave Dziurzynski.
18:24 of 2nd period - Snap shot by Dave Dziurzynski.
18:24 of 2nd period - Deflect By Artem Anisimov.
18:24 of 2nd period - Stopped by Darcy Kuemper with a rebound.
18:26 of 2nd period - Slapshot by Dave Dziurzynski.
18:26 of 2nd period - Shot Misses the Net.
18:28 of 2nd period - Snap shot by Dave Dziurzynski.
18:28 of 2nd period - Shot Misses the Net.
18:30 of 2nd period - Slapshot by Richard Panik.
18:30 of 2nd period - Shot Blocked by Stefan Elliott.
18:38 of 2nd period - Slapshot by Jonas Brodin.
18:38 of 2nd period - Shot Misses the Net.
18:40 of 2nd period - Slapshot by Artem Anisimov.
18:40 of 2nd period - Stopped by Darcy Kuemper with a rebound.
18:42 of 2nd period - Slapshot by Jonas Brodin.
18:42 of 2nd period - Stopped by Darcy Kuemper without a rebound.
18:43 of 2nd period - Seth Griffith wins face-off versus Jonathan Marchessault in Sewer Rats zone.
18:51 of 2nd period - Icing by Jonathan Marchessault.
18:52 of 2nd period - Seth Griffith wins face-off versus Jonathan Marchessault in Sewer Rats zone.
19:10 of 2nd period - Minor Penalty to Seth Griffith for Holding.
19:11 of 2nd period - Vincent Trocheck wins face-off versus Richard Panik in Gangsters zone.
19:25 of 2nd period - Snap shot by Vincent Trocheck.
19:25 of 2nd period - Shot Blocked by Brett Ponich.
19:27 of 2nd period - Slapshot by Stefan Elliott.
19:27 of 2nd period - Shot Blocked by Artem Anisimov.
Goals for this period are 2 for Sewer Rats vs 1 for Gangsters.
Shots for this period are 13 for Sewer Rats vs 11 for Gangsters.
3rd period
0:01 of 3rd period - Vincent Trocheck wins face-off versus Richard Panik in neutral zone.
0:06 of 3rd period - Slapshot by Daniel Carr.
0:06 of 3rd period - Shot Blocked by Richard Panik.
0:08 of 3rd period - Snap shot by Mark Mancari.
0:08 of 3rd period - Stopped by Jordan Binnington without a rebound.
0:09 of 3rd period - Vincent Trocheck wins face-off versus Richard Panik in Gangsters zone.
0:22 of 3rd period - Slapshot by Stefan Elliott.
0:22 of 3rd period - Deflect By Daniel Carr.
0:22 of 3rd period - Stopped by Jordan Binnington with a rebound.
0:32 of 3rd period - Slapshot by Mark Mancari.
0:32 of 3rd period - Goal by Mark Mancari - Sewer Rats : 6 - Gangsters : 3.
0:33 of 3rd period - Vincent Trocheck wins face-off versus Artem Anisimov in neutral zone.
0:44 of 3rd period - Slapshot by Daniel Carr.
0:44 of 3rd period - Stopped by Jordan Binnington without a rebound.
0:45 of 3rd period - Artem Anisimov wins face-off versus Vincent Trocheck in Gangsters zone.
1:40 of 3rd period - Snap shot by Erik Condra.
1:40 of 3rd period - Shot Misses the Net.
3:12 of 3rd period - Snap shot by Jonathan Marchessault.
3:12 of 3rd period - Shot Misses the Net.
3:14 of 3rd period - Slapshot by Jarred Tinordi.
3:14 of 3rd period - Stopped by Jordan Binnington without a rebound.
3:15 of 3rd period - Artem Anisimov wins face-off versus Vincent Trocheck in Gangsters zone.
3:48 of 3rd period - Minor Penalty to Dmitrij Jaskin for High sticking.
3:49 of 3rd period - Seth Griffith wins face-off versus Vincent Trocheck in Sewer Rats zone.
4:00 of 3rd period - Backhand shot by Morgan Ellis.
4:00 of 3rd period - Stopped by Darcy Kuemper without a rebound.
4:01 of 3rd period - Vincent Trocheck wins face-off versus Artem Anisimov in Sewer Rats zone.
4:42 of 3rd period - Jonas Brodin is hit by Stefan Elliott and loses puck.
4:51 of 3rd period - Wrist shot by Drake Caggiula.
4:51 of 3rd period - Stopped by Jordan Binnington with a rebound.
5:01 of 3rd period - John Ramage is hit by Richard Panik.
5:05 of 3rd period - Joel Edmundson is hit by Artem Anisimov and loses puck.
5:44 of 3rd period - Joseph Blandisi is hit by Richard Panik and loses puck.
5:48 of 3rd period - Penalty to Dmitrij Jaskin is over, Dmitrij Jaskin is back on ice.
6:51 of 3rd period - Drake Caggiula is hit by Sebastian Collberg and loses puck.
7:16 of 3rd period - Joel Edmundson is hit by Samuel Blais and loses puck.
7:31 of 3rd period - Morgan Ellis is hit by Vincent Trocheck.
7:55 of 3rd period - Minor Penalty to Daniel Carr for Roughing.
7:56 of 3rd period - Vincent Trocheck wins face-off versus Artem Anisimov in Sewer Rats zone.
7:56 of 3rd period - Vincent Trocheck is hit by Artem Anisimov.
8:07 of 3rd period - Off-side.
8:08 of 3rd period - Mark Mancari wins face-off versus Artem Anisimov in neutral zone.
8:11 of 3rd period - Slapshot by Stefan Elliott.
8:11 of 3rd period - Stopped by Jordan Binnington with a rebound.
8:44 of 3rd period - Artem Anisimov is hit by Erik Condra and loses puck.
8:51 of 3rd period - Slapshot by Jonas Brodin.
8:51 of 3rd period - Deflect By Richard Panik.
8:51 of 3rd period - Shot Misses the Net.
8:51 of 3rd period - Puck is out of play.
8:52 of 3rd period - Vincent Trocheck wins face-off versus Seth Griffith in Sewer Rats zone.
9:55 of 3rd period - Penalty to Daniel Carr is over, Daniel Carr is back on ice.
10:47 of 3rd period - Zach Aston-Reese is hit by Steven Santini and loses puck.
10:58 of 3rd period - Slapshot by David Pope.
10:58 of 3rd period - Stopped by Darcy Kuemper without a rebound.
10:59 of 3rd period - Seth Griffith wins face-off versus Jonathan Marchessault in Sewer Rats zone.
11:00 of 3rd period - Slapshot by Stefan Noesen.
11:00 of 3rd period - Shot Misses the Net.
11:02 of 3rd period - Slapshot by Morgan Ellis.
11:02 of 3rd period - Deflect By Seth Griffith.
11:02 of 3rd period - Goal by Seth Griffith - Sewer Rats : 6 - Gangsters : 4.
11:03 of 3rd period - Artem Anisimov wins face-off versus Jonathan Marchessault in neutral zone.
11:08 of 3rd period - Wrist shot by Dave Dziurzynski.
11:08 of 3rd period - Stopped by Darcy Kuemper with a rebound.
11:29 of 3rd period - Vincent Trocheck is hit by Stefan Noesen and loses puck.
12:13 of 3rd period - Snap shot by Adam Lowry.
12:13 of 3rd period - Stopped by Darcy Kuemper without a rebound.
12:14 of 3rd period - Jonathan Marchessault wins face-off versus Adam Lowry in Sewer Rats zone.
12:52 of 3rd period - Wrist shot by Samuel Blais.
12:52 of 3rd period - Stopped by Darcy Kuemper with a rebound.
13:00 of 3rd period - Slapshot by Samuel Blais.
13:00 of 3rd period - Stopped by Darcy Kuemper with a rebound.
14:01 of 3rd period - Slapshot by Samuel Blais.
14:01 of 3rd period - Deflect By Jarred Tinordi.
14:01 of 3rd period - Stopped by Darcy Kuemper without a rebound.
14:02 of 3rd period - Artem Anisimov wins face-off versus Vincent Trocheck in Sewer Rats zone.
14:27 of 3rd period - Seth Griffith is hit by Jonathan Marchessault and loses puck.
14:50 of 3rd period - Wrist shot by Mark Mancari.
14:50 of 3rd period - Stopped by Jordan Binnington without a rebound.
14:51 of 3rd period - Artem Anisimov wins face-off versus Zach Aston-Reese in Gangsters zone.
15:12 of 3rd period - Minor Penalty to Ryan Murphy for Interference.
15:13 of 3rd period - Vincent Trocheck wins face-off versus Artem Anisimov in Sewer Rats zone.
15:51 of 3rd period - Daniel Carr is hit by Seth Griffith.
16:35 of 3rd period - Jarred Tinordi is hit by Seth Griffith and loses puck.
17:12 of 3rd period - Penalty to Ryan Murphy is over, Ryan Murphy is back on ice.
17:14 of 3rd period - John Ramage is hit by Derrick Pouliot.
17:18 of 3rd period - Wrist shot by Dryden Hunt.
17:18 of 3rd period - Deflect By Ryan Murphy.
17:18 of 3rd period - Stopped by Darcy Kuemper with a rebound.
17:20 of 3rd period - Slapshot by Ryan Culkin.
17:20 of 3rd period - Stopped by Darcy Kuemper with a rebound.
17:32 of 3rd period - Wrist shot by John Ramage.
17:32 of 3rd period - Shot Blocked by Samuel Blais.
17:34 of 3rd period - Slapshot by Joel Edmundson.
17:34 of 3rd period - Stopped by Jordan Binnington with a rebound.
17:36 of 3rd period - Snap shot by Joseph Blandisi.
17:36 of 3rd period - Stopped by Jordan Binnington with a rebound.
17:46 of 3rd period - Stefan Noesen is hit by Jonathan Marchessault and loses puck.
18:05 of 3rd period - Wrist shot by Dmitrij Jaskin.
18:05 of 3rd period - Shot Blocked by Vince Dunn.
18:07 of 3rd period - Backhand shot by Ryan Murphy.
18:07 of 3rd period - Stopped by Jordan Binnington without a rebound.
18:08 of 3rd period - Kevin Roy wins face-off versus Jared McCann in Gangsters zone.
18:08 of 3rd period - Kevin Roy is hit by Drake Caggiula.
18:41 of 3rd period - Snap shot by Dmitrij Jaskin.
18:41 of 3rd period - Shot Blocked by Morgan Ellis.
18:43 of 3rd period - Snap shot by Drake Caggiula.
18:43 of 3rd period - Shot Misses the Net.
18:45 of 3rd period - Wrist shot by Drake Caggiula.
18:45 of 3rd period - Shot Misses the Net.
18:47 of 3rd period - Wrist shot by Ryan Murphy.
18:47 of 3rd period - Shot Blocked by Richard Panik.
18:49 of 3rd period - Slapshot by Ryan Murphy.
18:49 of 3rd period - Shot Misses the Net.
18:51 of 3rd period - Wrist shot by Connor Carrick.
18:51 of 3rd period - Stopped by Jordan Binnington with a rebound.
18:53 of 3rd period - Wrist shot by Dmitrij Jaskin.
18:53 of 3rd period - Deflect By Drake Caggiula.
18:53 of 3rd period - Shot Blocked by Dave Dziurzynski.
18:53 of 3rd period - Dave Dziurzynski from Gangsters is injured at 18:53 of 3rd period (Sports Hernia).
18:54 of 3rd period - Drake Caggiula wins face-off versus Kevin Roy in Gangsters zone.
19:05 of 3rd period - Wrist shot by Dmitrij Jaskin.
19:05 of 3rd period - Shot Misses the Net.
19:07 of 3rd period - Snap shot by Drake Caggiula.
19:07 of 3rd period - Shot Misses the Net.
19:09 of 3rd period - Snap shot by Dmitrij Jaskin.
19:09 of 3rd period - Shot Misses the Net.
19:19 of 3rd period - Joseph Blandisi is hit by Brett Ponich.
Goals for this period are 1 for Sewer Rats vs 1 for Gangsters.
Shots for this period are 12 for Sewer Rats vs 10 for Gangsters.